[ AOE2 MATCH · #506826583 ]
UnrankedTupi vs Cumans
Player's team · LOSS
Rival team · WIN
[ REPLAY ANALYSIS · EXTRACTED FROM THE RECORDED GAME ]
Feudal
9:43
Castle
24:07
Imperial
36:53
| APM avg | 54.8 |
| APM peak | 85 |
| eAPM avg | 29.7 |
| Villagers / military | 118 / 115 |
Focus
⚔️ 45.5% · 🌾 54.5%
Spearman ×67 · Unknown (2550) ×56 · Archer ×40 · Monk ×4 · Battering Ram ×4
Feudal
8:57
Castle
21:25
Imperial
34:46
| APM avg | 50.0 |
| APM peak | 92 |
| eAPM avg | 29.8 |
| Villagers / military | 131 / 120 |
Focus
⚔️ 51.9% · 🌾 48.1%
Scout Cavalry ×41 · Kipchak ×34 · Knight ×28 · Skirmisher ×12 · Monk ×3 · Archer ×2
Match map
Initial resources + every placement click. Lines = walls · curves = elevation contours. ◆ gold · ⬟ stone · ● berries · ✦ relic · ◌ wall gap
Your base· ✓ Closed at 24:07 · 40t walls · 3 gate(s)
_[eC]_Gurke_'s base· Open — opponent sealed themselves in
Smoothed initial terrain · ◌ = detected wall gap · hover for details
Inputs per minute
— Lina - - _[eC]_Gurke_
Build order — Lina
First 150 of 460 actions detected
| 0:00 | Create | Villager (Male) |
| 0:01 | Create | Villager (Male) |
| 0:02 | Build | House |
| 0:11 | Create | Villager (Male) |
| 0:11 | Create | Villager (Male) |
| 0:11 | Create | Villager (Male) |
| 0:56 | Create | Villager (Male) |
| 1:19 | Build | Settlement |
| 1:43 | Create | Villager (Male) |
| 1:43 | Create | Villager (Male) |
| 2:08 | Create | Villager (Male) |
| 2:37 | Create | Villager (Male) |
| 2:57 | Create | Villager (Male) |
| 3:29 | Create | Villager (Male) |
| 3:33 | Build | House |
| 3:50 | Create | Villager (Male) |
| 3:50 | Create | Villager (Male) |
| 4:03 | Build | Barracks |
| 4:11 | Create | Villager (Male) |
| 4:25 | Create | Villager (Male) |
| 4:39 | Create | Villager (Male) |
| 4:39 | Create | Villager (Male) |
| 4:42 | Build | House |
| 4:57 | Create | Unit 2550 |
| 4:57 | Create | Unit 2550 |
| 5:09 | Build | Outpost |
| 5:12 | Create | Villager (Male) |
| 5:24 | Create | Unit 2550 |
| 6:03 | Build | Outpost |
| 6:08 | Create | Unit 2550 |
| 6:17 | Build | Outpost |
| 6:18 | Create | Villager (Male) |
| 6:30 | Create | Villager (Male) |
| 6:39 | Research | Loom |
| 6:53 | Build | House |
| 7:22 | Research | Feudal Age |
| 8:05 | Build | Outpost |
| 8:07 | Create | Villager (Male) |
| 8:45 | Build | Settlement |
| 8:54 | Create | Villager (Male) |
| 9:04 | Create | Unit 2550 |
| 9:25 | Build | Settlement |
| 9:43 | Age | Feudal Age |
| 9:48 | Create | Villager (Male) |
| 9:52 | Research | Tech 1402 |
| 9:52 | Research | Tech 1402 |
| 10:20 | Create | Villager (Male) |
| 10:25 | Create | Spearman |
| 10:42 | Create | Villager (Male) |
| 10:46 | Research | Double-Bit Axe |
| 10:52 | Build | House |
| 10:53 | Build | House |
| 11:02 | Build | Palisade Wall |
| 11:05 | Create | Villager (Male) |
| 11:07 | Build | Farm |
| 11:13 | Create | Spearman |
| 11:26 | Build | Farm |
| 11:47 | Create | Spearman |
| 11:52 | Build | Farm |
| 12:10 | Create | Villager (Male) |
| 12:22 | Create | Villager (Male) |
| 12:25 | Build | Archery Range |
| 12:43 | Create | Villager (Male) |
| 12:46 | Build | Archery Range |
| 12:56 | Build | Farm |
| 12:58 | Create | Spearman |
| 13:04 | Build | Farm |
| 13:12 | Create | Villager (Male) |
| 13:20 | Build | Palisade Wall |
| 13:24 | Build | Farm |
| 13:26 | Create | Archer |
| 13:32 | Create | Villager (Male) |
| 13:53 | Build | Farm |
| 14:02 | Research | Horse Collar |
| 14:02 | Research | Horse Collar |
| 14:05 | Create | Archer |
| 14:06 | Create | Archer |
| 14:09 | Create | Villager (Male) |
| 14:22 | Create | Archer |
| 14:32 | Build | Farm |
| 14:34 | Create | Spearman |
| 14:37 | Create | Villager (Male) |
| 14:40 | Create | Archer |
| 14:41 | Create | Archer |
| 15:18 | Create | Villager (Male) |
| 15:20 | Create | Archer |
| 15:21 | Create | Villager (Male) |
| 15:23 | Build | Farm |
| 15:27 | Create | Villager (Male) |
| 15:47 | Create | Villager (Male) |
| 15:49 | Build | Blacksmith |
| 15:52 | Create | Villager (Male) |
| 15:55 | Build | House |
| 16:03 | Create | Archer |
| 16:03 | Create | Archer |
| 16:12 | Research | Town Watch |
| 16:39 | Create | Villager (Male) |
| 16:40 | Create | Archer |
| 16:49 | Create | Villager (Male) |
| 16:56 | Research | Fletching |
| 16:56 | Research | Fletching |
| 16:57 | Create | Archer |
| 17:00 | Build | House |
| 17:02 | Build | Palisade Wall |
| 17:03 | Create | Villager (Male) |
| 17:05 | Create | Archer |
| 17:06 | Create | Archer |
| 17:07 | Create | Archer |
| 17:11 | Build | Farm |
| 17:19 | Research | Gold Mining |
| 17:20 | Create | Villager (Male) |
| 17:24 | Build | House |
| 17:27 | Create | Villager (Male) |
| 17:31 | Create | Archer |
| 17:40 | Create | Villager (Male) |
| 17:42 | Create | Villager (Male) |
| 17:48 | Build | Palisade Wall |
| 17:49 | Create | Villager (Male) |
| 17:52 | Create | Villager (Male) |
| 18:05 | Build | House |
| 18:08 | Build | Palisade Wall |
| 18:15 | Create | Villager (Male) |
| 18:18 | Build | Palisade Gate |
| 18:21 | Build | House |
| 18:25 | Create | Villager (Male) |
| 18:29 | Create | Villager (Male) |
| 18:36 | Build | Palisade Gate |
| 18:52 | Build | Market |
| 18:53 | Create | Villager (Male) |
| 18:54 | Create | Villager (Male) |
| 19:05 | Build | House |
| 19:09 | Build | House |
| 19:32 | Build | Palisade Gate |
| 19:37 | Create | Spearman |
| 19:57 | Create | Villager (Male) |
| 20:01 | Build | Market |
| 20:02 | Create | Villager (Male) |
| 20:06 | Build | Palisade Wall |
| 20:10 | Create | Villager (Male) |
| 20:13 | Build | Palisade Wall |
| 20:13 | Create | Villager (Male) |
| 20:17 | Build | Farm |
| 20:17 | Build | Farm |
| 20:18 | Build | Farm |
| 20:45 | Create | Villager (Male) |
| 20:48 | Build | House |
| 21:05 | Create | Villager (Male) |
| 21:20 | Build | House |
| 21:27 | Research | Castle Age |
| 21:27 | Research | Castle Age |
Build order — _[eC]_Gurke_
First 150 of 430 actions detected
| 0:01 | Create | Villager (Male) |
| 0:02 | Build | House |
| 0:03 | Build | House |
| 0:07 | Create | Villager (Male) |
| 0:07 | Create | Villager (Male) |
| 0:10 | Create | Villager (Male) |
| 1:24 | Create | Villager (Male) |
| 1:57 | Create | Villager (Male) |
| 2:17 | Create | Villager (Male) |
| 2:22 | Build | Lumber Camp |
| 2:58 | Create | Villager (Male) |
| 3:20 | Create | Villager (Male) |
| 3:45 | Create | Villager (Male) |
| 3:47 | Create | Villager (Male) |
| 3:57 | Create | Villager (Male) |
| 3:59 | Build | House |
| 4:09 | Create | Villager (Male) |
| 5:17 | Build | Mill |
| 5:25 | Research | Loom |
| 5:31 | Create | Villager (Male) |
| 5:36 | Create | Villager (Male) |
| 6:09 | Research | Loom |
| 6:47 | Research | Feudal Age |
| 7:43 | Build | Barracks |
| 8:11 | Build | House |
| 8:17 | Build | House |
| 8:25 | Create | Villager (Male) |
| 8:57 | Age | Feudal Age |
| 9:01 | Build | Stable |
| 9:03 | Research | Double-Bit Axe |
| 9:10 | Research | Horse Collar |
| 9:13 | Create | Villager (Male) |
| 9:19 | Build | House |
| 9:37 | Create | Villager (Male) |
| 9:49 | Create | Scout Cavalry |
| 9:54 | Build | Mill |
| 9:55 | Create | Villager (Male) |
| 10:04 | Create | Scout Cavalry |
| 10:06 | Build | House |
| 10:24 | Create | Scout Cavalry |
| 10:27 | Build | Farm |
| 10:31 | Create | Villager (Male) |
| 10:34 | Build | Farm |
| 10:44 | Build | Palisade Gate |
| 10:51 | Build | Farm |
| 10:58 | Create | Villager (Male) |
| 11:00 | Build | Farm |
| 11:08 | Build | Palisade Wall |
| 11:20 | Build | Farm |
| 11:34 | Create | Villager (Male) |
| 11:36 | Build | Farm |
| 11:43 | Build | Farm |
| 11:49 | Create | Villager (Male) |
| 12:11 | Create | Villager (Male) |
| 12:19 | Create | Scout Cavalry |
| 12:23 | Build | Farm |
| 12:25 | Build | Farm |
| 12:26 | Build | Farm |
| 12:27 | Create | Villager (Male) |
| 12:33 | Build | House |
| 12:45 | Create | Villager (Male) |
| 13:01 | Build | Archery Range |
| 13:03 | Build | Farm |
| 13:10 | Create | Villager (Male) |
| 13:14 | Create | Scout Cavalry |
| 13:19 | Build | Farm |
| 14:01 | Create | Skirmisher |
| 14:05 | Build | Blacksmith |
| 14:05 | Create | Villager (Male) |
| 14:29 | Create | Villager (Male) |
| 14:33 | Build | Mining Camp |
| 14:36 | Build | Mining Camp |
| 14:40 | Build | Palisade Wall |
| 14:40 | Build | Palisade Wall |
| 14:43 | Build | Palisade Wall |
| 14:52 | Create | Skirmisher |
| 14:52 | Create | Villager (Male) |
| 15:02 | Create | Skirmisher |
| 15:24 | Create | Villager (Male) |
| 15:31 | Create | Scout Cavalry |
| 15:38 | Research | Wheelbarrow |
| 15:43 | Create | Villager (Male) |
| 15:44 | Build | House |
| 15:53 | Create | Villager (Male) |
| 16:01 | Build | Palisade Wall |
| 16:07 | Build | Palisade Wall |
| 16:09 | Build | Palisade Wall |
| 16:14 | Build | Palisade Gate |
| 16:49 | Create | Villager (Male) |
| 16:52 | Build | Palisade Wall |
| 16:55 | Build | Farm |
| 16:58 | Build | Farm |
| 16:59 | Build | Farm |
| 16:59 | Create | Villager (Male) |
| 17:03 | Create | Archer |
| 17:19 | Build | House |
| 17:37 | Create | Archer |
| 18:08 | Create | Villager (Male) |
| 18:16 | Build | Town Center |
| 18:45 | Research | Castle Age |
| 18:51 | Create | Skirmisher |
| 18:51 | Create | Skirmisher |
| 19:05 | Research | Fletching |
| 19:08 | Create | Skirmisher |
| 19:58 | Create | Skirmisher |
| 19:58 | Create | Skirmisher |
| 20:15 | Research | Padded Archer Armor |
| 20:17 | Research | Gold Mining |
| 20:55 | Create | Skirmisher |
| 21:07 | Create | Skirmisher |
| 21:08 | Create | Villager (Male) |
| 21:13 | Create | Villager (Male) |
| 21:17 | Create | Skirmisher |
| 21:25 | Age | Castle Age |
| 21:29 | Research | Elite Skirmisher (upgrade) |
| 21:38 | Create | Villager (Male) |
| 21:40 | Build | Town Center |
| 21:44 | Research | Bow Saw |
| 21:45 | Create | Villager (Male) |
| 21:58 | Create | Villager (Male) |
| 22:07 | Create | Villager (Male) |
| 22:10 | Research | Bodkin Arrow |
| 22:12 | Create | Villager (Male) |
| 22:30 | Create | Villager (Male) |
| 22:37 | Create | Villager (Male) |
| 23:03 | Create | Villager (Male) |
| 23:05 | Create | Villager (Male) |
| 23:09 | Build | Farm |
| 23:10 | Build | Farm |
| 23:11 | Build | Farm |
| 23:13 | Create | Villager (Male) |
| 23:29 | Create | Villager (Male) |
| 23:32 | Build | Farm |
| 23:32 | Build | Farm |
| 23:35 | Build | Monastery |
| 23:36 | Create | Villager (Male) |
| 23:40 | Build | Farm |
| 23:42 | Build | Farm |
| 23:43 | Create | Villager (Male) |
| 23:46 | Create | Villager (Male) |
| 23:47 | Create | Skirmisher |
| 23:53 | Create | Villager (Male) |
| 24:01 | Create | Villager (Male) |
| 24:03 | Build | House |
| 24:04 | Create | Villager (Male) |
| 24:05 | Build | House |
| 24:13 | Create | Villager (Male) |
| 24:22 | Create | Villager (Male) |
| 24:25 | Create | Monk |
| 24:26 | Create | Monk |
Match timeline
| 4:03 | Lina · first_building Barracks |
| 7:43 | _[eC]_Gurke_ · first_building Barracks |
| 8:57 | _[eC]_Gurke_ · age_up feudal |
| 9:01 | _[eC]_Gurke_ · first_building Stable |
| 9:43 | Lina · age_up feudal |
| 11:02 | Lina · wall_segment Palisade Wall x6 |
| 11:08 | _[eC]_Gurke_ · wall_segment Palisade Wall x11 |
| 12:25 | Lina · first_building Archery Range |
| 13:01 | _[eC]_Gurke_ · first_building Archery Range |
| 13:20 | Lina · wall_segment Palisade Wall x1 |
| 14:40 | _[eC]_Gurke_ · wall_segment Palisade Wall x1 |
| 14:40 | _[eC]_Gurke_ · wall_segment Palisade Wall x1 |
| 14:43 | _[eC]_Gurke_ · wall_segment Palisade Wall x6 |
| 16:01 | _[eC]_Gurke_ · wall_segment Palisade Wall x1 |
| 16:07 | _[eC]_Gurke_ · wall_segment Palisade Wall x1 |
| 16:09 | _[eC]_Gurke_ · wall_segment Palisade Wall x1 |
| 16:52 | _[eC]_Gurke_ · wall_segment Palisade Wall x5 |
| 17:02 | Lina · wall_segment Palisade Wall x8 |
| 17:48 | Lina · wall_segment Palisade Wall x16 |
| 18:08 | Lina · wall_segment Palisade Wall x1 |
| 20:06 | Lina · wall_segment Palisade Wall x1 |
| 20:13 | Lina · wall_segment Palisade Wall x8 |
| 21:25 | _[eC]_Gurke_ · age_up castle |
| 21:26 | Lina · first_market_buy 100 food |
| 23:35 | _[eC]_Gurke_ · first_building Monastery |
| 24:07 | Lina · age_up castle |
| 25:51 | _[eC]_Gurke_ · wall_segment Palisade Wall x4 |
| 27:01 | Lina · wall_segment Palisade Wall x1 |
| 27:04 | Lina · first_building Monastery |
| 28:03 | Lina · first_building Siege Workshop |
| 30:40 | _[eC]_Gurke_ · first_market_buy 100 food |
| 30:41 | _[eC]_Gurke_ · first_market_sell 100 wood |
| 32:59 | _[eC]_Gurke_ · first_building Castle |
| 34:46 | _[eC]_Gurke_ · age_up imperial |
| 36:53 | Lina · age_up imperial |
| 38:15 | Lina · first_market_sell 500 stone |
| 41:40 | Lina · resign |
[ AI ANALYSIS · 1 CREDIT ]
What really happened in this match?
Wolo.gg analyzes every decision: build order, eco, micro, common mistakes by bracket. Personalized analysis on WhatsApp or Discord in 30 seconds.
Civ guide
Tupi
Perfil
Lina